 Dungeon Crawl Stone Soup version 0.31.0-9-g3a7656b989 (webtiles) character file.

Game seed: 8658793891220712160

212 qw the Skirmisher (level 5, 0/29 HPs)
             Began as a Deep Elf Hunter on Feb 2, 2024.
             Killed by divine providence
             ... invoked by an orc priest
              (15 damage)
             ... on level 4 of the Dungeon.
             The game lasted 00:00:08 (2082 turns).

qw the Skirmisher (Deep Elf Hunter)                 Turns: 2082, Time: 00:00:08

Health: 0/29       AC:  6    Str: 13    XL:     5   Next: 58%
Magic:  7/7        EV: 28    Int: 14    God:
Gold:   154        SH:  0    Dex: 18    Spells: 4/4 levels left

rFire   . . .        a - +2 shortbow
rCold   . . .        (shield currently unavailable)
rNeg    . . .        c - +2 robe "Hanopn" {rPois Will- Str+3}
rPois   +            (no helmet)
rElec   .            (no cloak)
rCorr   .            (no gloves)
SInv    .            e - +1 pair of boots
Will    .....        g - amulet of the acrobat
Stlth   ++           (no ring)
HPRegen 0.24/turn    (no ring)
MPRegen 0.10/turn

%: acrobat
@: acrobatic
A: no striking features
a: no special abilities


You were on level 4 of the Dungeon.
You visited 1 branch of the dungeon, and saw 4 of its levels.

You collected 154 gold pieces.


   Skills:
 - Level 1.5 Fighting
 + Level 8.9 Ranged Weapons
 - Level 3.0 Dodging
 - Level 1.2 Stealth


You had 4 spell levels left.
You didn't know any spells.
Your spell library was empty.

Inventory:

Hand Weapons
 a - a +2 shortbow (weapon)
Armour
 c - the +2 robe "Hanopn" (worn) {rPois Will- Str+3}
   (You found it on level 3 of the Dungeon)

   Str+3:     It affects your strength (+3).
   rPois:     It protects you from poison Will-: It decreases your willpower.
 e - a +1 pair of boots (worn)
Jewellery
 b - a ring of poison resistance
 g - an amulet of the acrobat (around neck)
Wands
 i - a wand of charming (6)
 k - a wand of flame (25)
Potions
 h - a potion of mutation
 j - a potion of haste {unknown}

Dungeon Overview and Level Annotations

Branches:
Dungeon (4/15)
 Temple: D:4-7

Altars:


Message History

You shoot an arrow. The arrow hits the orc.
The orc is almost dead.
The orc barely misses you.
You shoot an arrow. The arrow hits the orc.
You kill the orc!
An orc comes into view. It is wielding a +0 falchion.
You shoot an arrow. The orc shouts!
The arrow hits the orc.
The orc is moderately wounded.
You hear a shout! x3
An orc is nearby!
You shoot an arrow. The arrow hits the orc.
You kill the orc!
You now have 134 gold pieces (gained 9).
You now have 154 gold pieces (gained 20).
You open the door.
There is an open door here.
b - a ring of poison resistance
Found a stone staircase leading up.
An orc comes into view. It is wielding a +0 dagger.
You shoot an arrow. The orc shouts!
The arrow hits the orc.
The orc is severely wounded.
You shoot an arrow. The arrow barely misses the orc.
An orc priest comes into view. It is wielding a +0 trident.
You shoot an arrow. The arrow hits the orc.
You kill the orc!
An orc comes into view. It is wielding a +0 hand axe.
You shoot an arrow. The arrow hits the orc.
The orc is moderately wounded.
The orc priest calls down the wrath of Beogh upon you.
Beogh smites you!
2081 ||| FLEEEEING.
2082 ||| FLEEEEING.
The orc priest calls down the wrath of Beogh upon you.
Beogh smites you!
Ouch! That really hurt!
You die...

#......##
#.......#
#.....#.###
#.....'...#
#.....#...###
####<.......#
##)###.#.#
#.....#.####
#.........@#
#.###.#..###
#)# #.o..#
..o.###..
.##. #### .
#.


You could see an orc priest and an orc.

Vanquished Creatures
  A phantom (D:3)
  A bombardier beetle (D:3)
  Jessica (D:2)
  3 adders
  A ribbon worm (D:3)
  2 dart slugs
  3 orcs (D:4)
  6 ball pythons
  7 endoplasms
  2 giant cockroaches
  A goblin (D:1)
  A hobgoblin (D:1)
  6 kobolds
  6 bats
  4 frilled lizards
  5 rats
50 creatures vanquished.

Notes
Turn   | Place    | Note
-------+----------+-------------------------------------------
     0 | D:1      | qw the Deep Elf Hunter began the quest for the Orb.
     0 | D:1      | Reached XP level 1. HP: 12/12 MP: 3/3
     0 | D:1      | 0 ||| qw: Version: 0.3-a-155-g5e7d8dd
     0 | D:1      | 0 ||| qw: Game counter: 1591
     0 | D:1      | 0 ||| qw: Melee chars always use a shield: true
     0 | D:1      | 0 ||| qw: God list: Okawaru
     0 | D:1      | 0 ||| qw: Allow faded altars: false
     0 | D:1      | 0 ||| qw: Do Orc after clearing Dungeon:15 true
     0 | D:1      | 0 ||| qw: Do second Lair branch before Depths: true
     0 | D:1      | 0 ||| qw: Lair rune preference: random
     0 | D:1      | 0 ||| qw: Goals: Normal
     0 | D:1      | 0 ||| PLANNING D:1-11
   120 | D:1      | You fall into a shaft and drop 1 floor!
   121 | D:2      | 121 ||| READING scroll labelled CUJASE SYGYF.
   122 | D:2      | 122 ||| READING scroll labelled QEFAEWORUE.
   122 | D:2      | 122 ||| IDENTIFYING scroll labelled WISULA EWNO
   123 | D:2      | 123 ||| READING scroll labelled DURUTY IBLA.
   124 | D:2      | 124 ||| DROPPING scroll of butterflies.
   124 | D:2      | Noticed Jessica
   126 | D:2      | 126 ||| DROPPING scroll of immolation.
   152 | D:1      | Reached skill level 6 in Ranged Weapons
   152 | D:1      | Reached XP level 2. HP: 16/16 MP: 4/4
   678 | D:1      | 678 ||| UPGRADING to +1 pair of boots.
   683 | D:1      | 683 ||| READING scroll labelled TITHRY IBIQ VEM.
   822 | D:2      | Killed Jessica
   823 | D:2      | Reached skill level 7 in Ranged Weapons
   823 | D:2      | Reached XP level 3. HP: 20/20 MP: 5/5
   893 | D:2      | Found a faded altar of an unknown god.
  1152 | D:2      | Reached XP level 4. HP: 15/25 MP: 6/6
  1471 | D:2      | 1471 ||| UPGRADING to +2 robe.
  1481 | D:2      | 1481 ||| DROPPING +0 leather armour.
  1482 | D:2      | 1482 ||| READING scroll labelled LYUZOFRUADITZ.
  1485 | D:2      | 1485 ||| READING scroll labelled KYME JYFEPS.
  1485 | D:2      | 1485 ||| ENCHANTING +0 shortbow.
  1520 | D:3      | Reached skill level 8 in Ranged Weapons
  1521 | D:3      | Identified the +2 robe "Hanopn" {rPois Will- Str+3}
  1533 | D:3      | 1533 ||| READING scroll of enchant weapon.
  1533 | D:3      | 1533 ||| ENCHANTING +1 shortbow.
  1649 | D:3      | Reached skill level 3 in Dodging
  1910 | D:3      | 1910 ||| UPGRADING to +2 robe "Hanopn" {rPois Will- Str+3}.
  1920 | D:3      | 1920 ||| DROPPING +2 robe.
  1921 | D:3      | 1921 ||| UPGRADING to amulet of the acrobat.
  1926 | D:3      | 1926 ||| READING 2 scrolls of identify.
  1926 | D:3      | 1926 ||| IDENTIFYING red potion
  1927 | D:3      | 1927 ||| READING scroll of identify.
  1927 | D:3      | 1927 ||| IDENTIFYING grey potion
  1928 | D:3      | 1928 ||| DROPPING potion of ambrosia.
  1959 | D:4      | Noticed a phantom
  1963 | D:4      | 1963 ||| STAIRDANCE
  1976 | D:3      | Killed a phantom
  1977 | D:3      | Reached XP level 5. HP: 15/29 MP: 7/7
  2081 | D:4      | 2081 ||| FLEEEEING.
  2082 | D:4      | 2082 ||| FLEEEEING.
  2082 | D:4      | Killed from afar by an orc priest

Levels and vault maps discovered:
D:1:      lightli_iron_boxes, layout_basic, amethyst_killhole
D:2:      layout_loops_ring, basic_ecumenical_altar, serial_bayou_pond_b,
          uniq_jessica
D:3:      layout_basic, uniq_crazy_yiuf_cottage
D:4:      layout_basic, kennysheep_generic_room_6

Skill      XL: |  1  2  3  4 |
---------------+-------------+-----
Ranged Weapons | 6 7 8 |  8.9
Dodging        | 3 |  3.0
Fighting       | |  1.5
Stealth        | |  1.2

Action                     |  1- 3 |  4- 6 || total
---------------------------+-------+-------++-------
   Fire: Shortbow          |    72 |    68 ||   140
    Use: Scroll            |     4 |     5 ||     9
 Armour: Leather armour    |    24 |     8 ||    32
         Robe              |       |    13 ||    13
  Dodge: Dodged            |    19 |    16 ||    35

Table legend:
 A = Non-vault XP
 B = Vault XP
 C = Vault XP percentage of total XP
 D = Non-vault monster count
 E = Vault monster count
 F = Vault count percentage of total count
                 A         B        C        D         E       F
            +---------+---------+-------+---------+---------+-------
      Total |     251 |      53 |  17.4 |      46 |       4 |   8.0
            +---------+---------+-------+---------+---------+-------
        D:1 |      37 |       0 |   0.0 |      22 |       0 |   0.0
        D:2 |      16 |      53 |  76.8 |       9 |       4 |  30.8
        D:3 |     189 |       0 |   0.0 |      12 |       0 |   0.0
        D:4 |       9 |       0 |   0.0 |       3 |       0 |   0.0
            +---------+---------+-------+---------+---------+-------
